General information
- name: BNet
- type: Ladder team game (AT/RT)
- host: Battle.net
- saver: Ze.Rath3isaFaig
map: GolemsInTheMist
- players: 8
- length: 15:34
- speed: Fast
- version: 1.23 W3XP
- replay type: Public
» download(115 KB)
Players
team 1 (winner)
Ze.Rath3isaFaig (
red | 75 APM | 1164 actions | 15:34)
6 Keeper of the Grove
3 Entangling Roots
2 Thorns Aura
1 Tranquility
1 Priestess of the Moon
1 Trueshot Aura
» actions
| Assign group hotkey | 18 | |
| Basic commands | 309 | |
| Build / train | 56 | |
| Enter build submenu | 12 | |
| Enter hero's abilities submenu | 8 | |
| Right click | 326 | |
| Select / deselect | 277 | |
| Select group hotkey | 118 | |
| Use ability | 40 | |
1164 total
» units
| Wisp | 11 | |
| Archer | 14 | |
| Dryad | 4 | |
| Druid of the Claw | 1 | |
30 total
» upgrades
| Improved Bows | 1 | |
| Strength of the Wild | 3 | |
| Abolish Magic | 1 | |
| Marksmanship | 1 | |
| Reinforced Hides | 1 | |
| Druid of the Claw Training | 1 | |
8 total
» buildings
| Altar of Elders | 1 | |
| Moon Well | 5 | |
| Ancient of War | 2 | |
| Tree of Ages | 3 | |
| Hunter's Hall | 1 | |
| Tree of Eternity | 1 | |
| Ancient of Lore | 2 | |
15 total
» build order
00:14 Altar of Elders
00:32 Moon Well
01:27 Ancient of War
01:30 Ancient of War
01:41 Moon Well
02:11 Moon Well
04:18 Tree of Ages
04:19 Tree of Ages
04:19 Tree of Ages
04:39 Hunter's Hall
07:39 Tree of Eternity
07:41 Ancient of Lore
07:43 Ancient of Lore
09:37 Moon Well
09:41 Moon Well
» items
Pegword (
blue | 40 APM | 624 actions | 15:33)
4 Blademaster
2 Wind Walk
2 Critical Strike
» actions
| Assign group hotkey | 15 | |
| Basic commands | 11 | |
| Build / train | 46 | |
| Enter build submenu | 16 | |
| Enter hero's abilities submenu | 4 | |
| Give item / drop item | 2 | |
| Right click | 282 | |
| Select / deselect | 170 | |
| Select group hotkey | 31 | |
| Use ability | 47 | |
624 total
» units
| Peon | 7 | |
| Grunt | 13 | |
| Goblin Sapper | 2 | |
| Shaman | 3 | |
| Tauren | 3 | |
28 total
» upgrades
| Pillage | 1 | |
| Shaman Training | 2 | |
| Armor | 2 | |
| Melee Weapons | 1 | |
| Pulverize | 1 | |
7 total
» buildings
| Altar of Storms | 1 | |
| Orc Burrow | 7 | |
| Barracks | 1 | |
| Voodoo Lounge | 1 | |
| Stronghold | 1 | |
| War Mill | 1 | |
| Spirit Lodge | 1 | |
| Fortress | 1 | |
| Tauren Totem | 2 | |
16 total
» build order
00:18 Altar of Storms
00:21 Orc Burrow
00:51 Barracks
01:33 Orc Burrow
01:51 Voodoo Lounge
02:12 Orc Burrow
03:38 Orc Burrow
04:30 Stronghold
05:49 War Mill
07:26 Spirit Lodge
08:20 Orc Burrow
08:23 Orc Burrow
08:37 Fortress
11:43 Tauren Totem
11:44 Tauren Totem
12:34 Orc Burrow
» items
| Healing Salve | 2 | |
| Scroll of Speed | 1 | |
| Lesser Clarity Potion | 1 | |
4 total
jAbbA_wockEEz (
purple | 69 APM | 1072 actions | 15:33)
6 Tauren Chieftain
3 Endurance Aura
2 War Stomp
1 Reincarnation
» actions
| Assign group hotkey | 23 | |
| Basic commands | 37 | |
| Build / train | 42 | |
| ESC pressed | 3 | |
| Enter build submenu | 11 | |
| Enter hero's abilities submenu | 6 | |
| Remove unit from queue | 1 | |
| Right click | 477 | |
| Select / deselect | 173 | |
| Select group hotkey | 272 | |
| Use ability | 27 | |
1072 total
» units
| Peon | 7 | |
| Grunt | 8 | |
| Demolisher | 6 | |
| Kodo Beast | 2 | |
23 total
» upgrades
| Ranged Weapons | 3 | |
| Burning Oil | 1 | |
| War Drums Damage Increase | 1 | |
| Armor | 1 | |
6 total
» buildings
| Altar of Storms | 1 | |
| Orc Burrow | 4 | |
| Barracks | 2 | |
| Voodoo Lounge | 1 | |
| Stronghold | 2 | |
| War Mill | 1 | |
| Fortress | 1 | |
| Beastiary | 1 | |
13 total
» build order
00:09 Altar of Storms
00:19 Orc Burrow
00:37 Barracks
01:29 Orc Burrow
02:07 Barracks
02:42 Orc Burrow
03:34 Voodoo Lounge
04:38 Stronghold
04:38 Stronghold
05:36 Orc Burrow
05:37 War Mill
07:02 Fortress
08:16 Beastiary
» items

»
Convulsion (
orange | 58 APM | 900 actions | 15:33)
5 Warden
3 Fan of Knives
2 Blink
» actions
| Basic commands | 18 | |
| Build / train | 63 | |
| ESC pressed | 1 | |
| Enter build submenu | 14 | |
| Enter hero's abilities submenu | 5 | |
| Right click | 552 | |
| Select / deselect | 214 | |
| Use ability | 33 | |
900 total
» units
| Wisp | 10 | |
| Archer | 28 | |
| Hippogryph | 7 | |
| Druid of the Talon | 3 | |
48 total
» upgrades
| Strength of the Moon | 2 | |
| Moon Armor | 2 | |
| Improved Bows | 1 | |
| Hippogryph Taming | 1 | |
| Druid of the Talon Training | 1 | |
7 total
» buildings
| Moon Well | 5 | |
| Altar of Elders | 1 | |
| Ancient of War | 1 | |
| Ancient of Wonders | 1 | |
| Hunter's Hall | 1 | |
| Ancient Protector | 1 | |
| Tree of Ages | 1 | |
| Tree of Eternity | 1 | |
| Ancient of Wind | 2 | |
14 total
» build order
00:17 Moon Well
00:20 Altar of Elders
00:57 Ancient of War
01:41 Moon Well
02:14 Ancient of Wonders
02:40 Hunter's Hall
03:27 Moon Well
03:48 Ancient Protector
05:04 Tree of Ages
07:45 Tree of Eternity
07:50 Ancient of Wind
07:52 Ancient of Wind
08:48 Moon Well
10:04 Moon Well
team 2 (loser)

»
B-rand (
pink | 55 APM | 847 actions | 15:20)
3 Death Knight
2 Death Coil
1 Unholy Aura
2 Lich
1 Frost Nova
1 Frost Armor
» actions
| Assign group hotkey | 18 | |
| Build / train | 43 | |
| Enter build submenu | 15 | |
| Enter hero's abilities submenu | 5 | |
| Right click | 288 | |
| Select / deselect | 127 | |
| Select group hotkey | 291 | |
| Use ability | 60 | |
847 total
» units
| Acolyte | 3 | |
| Ghoul | 4 | |
| Crypt Fiend | 12 | |
| Frost Wyrm | 2 | |
21 total
» upgrades
| Creature Attack | 2 | |
| Creature Carapace | 2 | |
| Web | 1 | |
| Burrow | 1 | |
6 total
» buildings
| Crypt | 1 | |
| Graveyard | 1 | |
| Ziggurat | 7 | |
| Altar of Darkness | 1 | |
| Tomb of Relics | 1 | |
| Nerubian Tower | 1 | |
| Halls of the Dead | 1 | |
| Spirit Tower | 2 | |
| Black Citadel | 1 | |
| Sacrificial Pit | 1 | |
| Boneyard | 1 | |
18 total
» build order
00:39 Crypt
00:55 Graveyard
00:59 Ziggurat
01:20 Altar of Darkness
01:53 Ziggurat
01:58 Ziggurat
02:17 Tomb of Relics
02:44 Nerubian Tower
04:30 Ziggurat
05:16 Halls of the Dead
05:33 Spirit Tower
06:25 Ziggurat
07:46 Black Citadel
07:49 Sacrificial Pit
09:48 Ziggurat
10:50 Boneyard
12:53 Spirit Tower
13:48 Ziggurat
» items

»
Dotaholik (
yellow | 49 APM | 767 actions | 15:29)
3 Shadow Hunter
2 Serpent Ward
1 Healing Wave
1 Tauren Chieftain
1 War Stomp
» actions
| Build / train | 47 | |
| Enter build submenu | 13 | |
| Enter hero's abilities submenu | 4 | |
| Give item / drop item | 1 | |
| Remove unit from queue | 4 | |
| Right click | 381 | |
| Select / deselect | 266 | |
| Use ability | 50 | |
767 total
» units
» upgrades
| Pillage | 1 | |
| Berserker Strength | 1 | |
| Melee Weapons | 1 | |
| Spirit Walker Training | 2 | |
| Armor | 1 | |
| Reinforced Defenses | 1 | |
7 total
» buildings
| Orc Burrow | 5 | |
| Barracks | 1 | |
| Altar of Storms | 1 | |
| Voodoo Lounge | 1 | |
| Stronghold | 1 | |
| War Mill | 1 | |
| Spirit Lodge | 1 | |
| Fortress | 1 | |
| Tauren Totem | 3 | |
15 total
» build order
00:26 Orc Burrow
00:45 Barracks
01:13 Orc Burrow
01:32 Altar of Storms
02:35 Orc Burrow
03:14 Voodoo Lounge
05:01 Stronghold
05:33 War Mill
07:14 Orc Burrow
07:30 Spirit Lodge
07:37 Fortress
09:21 Orc Burrow
10:20 Tauren Totem
10:25 Tauren Totem
11:20 Tauren Totem
» items
Bodinho_BR (
teal | 49 APM | 754 actions | 15:26)
4 Far Seer
2 Feral Spirit
2 Chain Lighting
» actions
| Assign group hotkey | 17 | |
| Basic commands | 20 | |
| Build / train | 41 | |
| Enter build submenu | 19 | |
| Enter hero's abilities submenu | 4 | |
| Right click | 350 | |
| Select / deselect | 199 | |
| Select group hotkey | 72 | |
| Use ability | 32 | |
754 total
» units
| Peon | 7 | |
| Grunt | 11 | |
| Raider | 1 | |
| Tauren | 2 | |
| Troll Witch Doctor | 1 | |
22 total
» upgrades
| Armor | 1 | |
| Melee Weapons | 1 | |
| Berserker Strength | 1 | |
| Witch Doctor Training | 2 | |
5 total
» buildings
| Altar of Storms | 1 | |
| Orc Burrow | 7 | |
| Barracks | 1 | |
| War Mill | 1 | |
| Stronghold | 1 | |
| Fortress | 1 | |
| Beastiary | 1 | |
| Watch Tower | 2 | |
| Spirit Lodge | 1 | |
| Voodoo Lounge | 1 | |
| Tauren Totem | 2 | |
19 total
» build order
00:24 Altar of Storms
00:38 Orc Burrow
00:41 Orc Burrow
00:58 Barracks
01:13 Orc Burrow
01:16 Orc Burrow
01:40 War Mill
03:12 Orc Burrow
05:39 Stronghold
08:02 Fortress
08:24 Beastiary
08:29 Watch Tower
08:32 Spirit Lodge
08:42 Orc Burrow
08:43 Watch Tower
08:47 Orc Burrow
09:42 Voodoo Lounge
10:27 Tauren Totem
10:30 Tauren Totem
» items
| Scroll of Speed | 2 | |
| Potion of Mana | 1 | |
| Scroll of Town Portal | 1 | |
| Potion of Healing | 1 | |
| Dust of Appearance | 1 | |
6 total
quick.Play. (
green | 63 APM | 978 actions | 15:32)
3 Shadow Hunter
1 Serpent Ward
2 Healing Wave
» actions
| Assign group hotkey | 47 | |
| Basic commands | 59 | |
| Build / train | 38 | |
| Enter build submenu | 14 | |
| Enter hero's abilities submenu | 4 | |
| Right click | 490 | |
| Select / deselect | 240 | |
| Select group hotkey | 56 | |
| Use ability | 30 | |
978 total
» units
| Peon | 9 | |
| Troll Headhunter/Berserker | 12 | |
| Demolisher | 2 | |
23 total
» upgrades
| Ranged Weapons | 3 | |
| Armor | 2 | |
| Troll Regeneration | 1 | |
| Berserker Upgrade | 1 | |
| Burning Oil | 1 | |
8 total
» buildings
| Altar of Storms | 1 | |
| Orc Burrow | 6 | |
| War Mill | 1 | |
| Barracks | 2 | |
| Stronghold | 1 | |
| Fortress | 1 | |
| Voodoo Lounge | 1 | |
| Watch Tower | 2 | |
15 total
» build order
00:03 Altar of Storms
00:23 Orc Burrow
01:15 Orc Burrow
01:45 War Mill
02:14 Barracks
02:18 Barracks
02:57 Orc Burrow
04:24 Orc Burrow
04:58 Stronghold
08:15 Fortress
08:22 Voodoo Lounge
08:31 Orc Burrow
09:11 Watch Tower
09:18 Watch Tower
12:37 Orc Burrow
» items
Chat log
(00:04 / Allies) jAbbA_wockEEz: pult kodo bats
(00:05 / Allies) Pegword: rush
(00:07 / Allies) Pegword: k
(00:09 / Allies) Ze.Rath3isaFaig: yeah rush
(00:11 / Allies) Pegword: i got grunts tauren casters
(00:15 / Allies) jAbbA_wockEEz: ill get some grutns
(00:16 / Allies) jAbbA_wockEEz: for rush
(00:19 / Allies) Ze.Rath3isaFaig: potm mass archers with kotg
(00:25 / Allies) Ze.Rath3isaFaig: wiat what hero you want?
(00:31 / Allies) jAbbA_wockEEz: i'm getting
(00:31 / Allies) Convulsion: ima get warden
(00:31 / Allies) jAbbA_wockEEz: tc
(00:40 / Allies) Pegword: bm i guess
(00:44 / Allies) Ze.Rath3isaFaig: maybe I'll just kotg then for hero kills
(00:53 / Allies) Convulsion: kk
(01:00 / Allies) Convulsion: im go arcehrs hips
(01:08 / Allies) Convulsion: unless someone wants aa
(01:09 / Allies) Ze.Rath3isaFaig: you both getting meat?
(01:11 / Allies) Convulsion: then ill go bear
(01:20 / Allies) Ze.Rath3isaFaig: nah go archer hyps
(01:24 / Allies) Convulsion: k
(01:24 / Allies) jAbbA_wockEEz: we need aa
(02:50 / Allies) Convulsion: were we going to meet
(02:57 / Allies) Convulsion: kk
(02:57 / Allies) Pegword: kk
(02:58 / Allies) Ze.Rath3isaFaig: cc the shop first
(04:42 / Allies) jAbbA_wockEEz: B
(04:45 / Allies) jAbbA_wockEEz: B
(04:46 / Allies) jAbbA_wockEEz: B
(04:47 / Allies) jAbbA_wockEEz: B
(04:47 / Allies) jAbbA_wockEEz: B
(04:48 / Allies) jAbbA_wockEEz: B
(04:58 / Allies) jAbbA_wockEEz: B
(04:59 / Allies) jAbbA_wockEEz: B
(04:59 / Allies) jAbbA_wockEEz: B
(05:08 / Allies) Ze.Rath3isaFaig: what you map hacking
(05:12 / Allies) Pegword: lol
(05:12 / Allies) Convulsion: i know
(05:13 / Allies) Convulsion: shit
(05:13 / Allies) jAbbA_wockEEz: no saw them coming
(05:19 / Allies) Ze.Rath3isaFaig: lets fucking rap them elts go
(05:20 / Allies) Pegword: who cares
(05:24 / Allies) Ze.Rath3isaFaig: nm
(05:24 / Allies) Ze.Rath3isaFaig: get back
(05:27 / Allies) Ze.Rath3isaFaig: we tp to a base
(05:37 / Allies) Convulsion: lets
(05:38 / Allies) Convulsion: rape
(05:38 / Allies) Convulsion: the,
(05:43 / Allies) Convulsion: there creeping
(05:44 / Allies) Convulsion: everything
(05:49 / Allies) Ze.Rath3isaFaig: ALL TPN OW
(05:56 / Allies) Ze.Rath3isaFaig: gogog
(05:57 / Allies) Pegword: TP
(05:58 / Allies) Ze.Rath3isaFaig: opurple
(06:00 / Allies) Ze.Rath3isaFaig: wait up lol
(07:56 / Allies) Ze.Rath3isaFaig: SH
(07:57 / Allies) Ze.Rath3isaFaig: prule
(07:57 / Allies) Ze.Rath3isaFaig: wtf
(08:03 / Allies) Ze.Rath3isaFaig: stomp
(08:07 / All) jAbbA_wockEEz: wewt
(08:20 / Allies) Ze.Rath3isaFaig: keep massing
(08:24 / Allies) Ze.Rath3isaFaig: we need docs/lust asap
(08:49 / Allies) Convulsion: wood
(08:50 / Allies) Convulsion: please
(08:51 / Allies) Ze.Rath3isaFaig: we can push a little
(08:59 / Allies) Convulsion: ?
(09:00 / Allies) Ze.Rath3isaFaig: go cc that
(09:01 / Allies) jAbbA_wockEEz: siege
(09:02 / Allies) jAbbA_wockEEz: coming
(09:03 / Allies) jAbbA_wockEEz: siege them
(09:06 / Allies) Ze.Rath3isaFaig: we go with seige
(09:19 / Allies) Ze.Rath3isaFaig: go cc it
(09:19 / Allies) Ze.Rath3isaFaig: fast
(09:50 / Allies) jAbbA_wockEEz: k
(09:51 / Allies) jAbbA_wockEEz: lets go
(09:58 / Allies) Ze.Rath3isaFaig: we want to hit an orc, not the undead
(10:30 / Allies) Ze.Rath3isaFaig: proagne
(10:30 / Allies) Ze.Rath3isaFaig: come
(10:31 / Allies) Ze.Rath3isaFaig: don't chase
(10:40 / Allies) Ze.Rath3isaFaig: dont
(10:42 / Allies) Ze.Rath3isaFaig: run in either blue
(10:43 / Allies) Ze.Rath3isaFaig: stay back
(10:45 / Allies) Ze.Rath3isaFaig: b
(10:45 / Allies) Ze.Rath3isaFaig: b
(10:50 / Allies) Ze.Rath3isaFaig: k now go
(12:45 / Allies) Convulsion: siege
(12:45 / Allies) Convulsion: on
(12:47 / Allies) Ze.Rath3isaFaig: atlar now
(12:52 / Allies) Ze.Rath3isaFaig: ALTAR
(12:52 / Allies) Ze.Rath3isaFaig: NOW
(12:53 / Allies) jAbbA_wockEEz: no
(12:54 / Allies) jAbbA_wockEEz: getting the main
(13:01 / Allies) Pegword: they repairing it
(13:07 / Allies) Pegword: get burrows
(13:12 / Allies) Ze.Rath3isaFaig: k main then
(13:24 / Allies) Ze.Rath3isaFaig: come
(13:34 / Allies) Pegword: getting more zappers
(13:45 / Allies) Pegword: and killing his peons
(13:46 / Allies) Ze.Rath3isaFaig: we're ok just group
(13:49 / Allies) Ze.Rath3isaFaig: mEET NOW
(14:42 / Allies) Ze.Rath3isaFaig: go i'll heal
(14:58 / Allies) Ze.Rath3isaFaig: purple come
(14:59 / Allies) Ze.Rath3isaFaig: i'll heal
(15:24 / All) Convulsion: gg
(15:27 / All) Ze.Rath3isaFaig: gg